[Event "Fagernes Open 2021"]
[Site "Fagernes"]
[Date "2021.10.12"]
[Round "3.4"]
[White "Krivenko, Dion"]
[Black "Galinsky, Misha"]
[Result "1-0"]
[ECO "C64"]
[WhiteElo "2045"]
[BlackElo "1756"]
[Annotator "ChessBase"]
[PlyCount "65"]
[EventDate "2021.10.10"]
[EventCountry "NOR"]
[SourceTitle "playchess.com"]
[Source "ChessBase"]
[SourceQuality "1"]
[TimeControl "40/5400+30:1800+30"]

1. e4 e5 2. Nf3 Nc6 3. Nc3 Bc5 4. Bb5 d6 5. O-O Bg4 6. h3 Bh5 7. Na4 Bb6 8. c3 Nf6 9. d4 exd4 10. cxd4 Bxf3 11. gxf3 O-O 12. Nxb6 axb6 13. Bg5 Ra5 14. a4 h6 15. Bh4 Qc8 16. Kh2 Nh5 17. Qd2 f5 18. Rg1 f4 19. Rg6 Kh8 20. Rag1 Na7 21. b4 Rxb5 22. axb5 Qe8 23. Qa2 Nxb5 24. Qd5 Ng3 25. Re6 Nxd4 26. Rxh6+ gxh6 27. Qxd4+ Kh7 28. fxg3 Qh5 29. gxf4 Rf7 30. Qf2 Rxf4 31. Qc2 Qf7 32. e5+ Rf5 33. Bf6 1-0

[Event "Fagernes Open 2021"]
[Site "Fagernes"]
[Date "2021.10.12"]
[Round "3.5"]
[White "Lystad, Maximilian L"]
[Black "Dulman, Egmond-Gabriel"]
[Result "1/2-1/2"]
[ECO "A13"]
[WhiteElo "1767"]
[BlackElo "2065"]
[Annotator "ChessBase"]
[PlyCount "115"]
[EventDate "2021.10.10"]
[EventCountry "NOR"]
[SourceTitle "playchess.com"]
[Source "ChessBase"]
[SourceQuality "1"]
[TimeControl "40/5400+30:1800+30"]

1. c4 e6 2. g3 d5 3. Bg2 Nf6 4. Nf3 c6 5. O-O Bd6 6. d3 O-O 7. Nc3 Nbd7 8. e4 dxe4 9. dxe4 Ne5 10. Nxe5 Bxe5 11. Be3 Qa5 12. Bd2 Qc5 13. Qe2 Bd4 14. Na4 Qe7 15. e5 Nd7 16. Bc3 Bxc3 17. Nxc3 Qc5 18. Rfe1 Rb8 19. b3 b5 20. Rac1 Ba6 21. cxb5 cxb5 22. Nd5 Qa3 23. Nc7 Rfc8 24. Rc6 Rb6 25. Nxb5 Rbxc6 26. Nxa3 Bxe2 27. Bxc6 Rxc6 28. Rxe2 g5 29. f4 gxf4 30. gxf4 Nb6 31. Nb5 a5 32. Nd6 Nd5 33. Rf2 a4 34. bxa4 Ra6 35. Rg2+ Kf8 36. Rb2 Rxa4 37. Rb8+ Kg7 38. Rb7 Rxf4 39. Ra7 h5 40. a4 Ne3 41. h3 h4 42. a5 Nc4 43. a6 Nxe5 44. Rc7 Ra4 45. a7 Nc6 46. Rxc6 Rxa7 47. Rc4 f5 48. Rxh4 Kg6 49. Nc4 Kg5 50. Rd4 Ra4 51. Kg2 Kh5 52. Kg3 e5 53. Rh4+ Kg5 54. Nxe5 Ra3+ 55. Nf3+ Rxf3+ 56. Kxf3 Kxh4 57. Kf4 Kxh3 58. Kxf5 1/2-1/2

[Event "Fagernes Open 2021"]
[Site "Fagernes"]
[Date "2021.10.12"]
[Round "3.6"]
[White "Kittilsen, Sigurd"]
[Black "Cross, Jamie"]
[Result "1-0"]
[ECO "C45"]
[WhiteElo "1881"]
[BlackElo "1761"]
[Annotator "NA"]
[PlyCount "121"]
[EventDate "2021.10.10"]
[EventCountry "NOR"]
[SourceTitle "playchess.com"]
[Source "ChessBase"]
[SourceQuality "1"]
[TimeControl "40/5400+30:1800+30"]

1. e4 e5 2. Nf3 Nc6 3. d4 exd4 4. Nxd4 Bc5 5. Nxc6 Qf6 6. Qf3 dxc6 7. Nc3 Qxf3 8. gxf3 Nf6 9. Be3 Bb4 10. Bd4 c5 {[%emt 0:00:00] [#]} 11. Be5 $1 c6 12. Rg1 Nd7 13. Bxg7 Rg8 14. Rg3 Nf8 15. O-O-O Be6 16. f4 f5 17. exf5 Bxf5 18. Bc4 Be6 19. Bxe6 ({Weaker is} 19. Re1 Kf7 $16) 19... Nxe6 20. Re3 Rxg7 21. f5 Bxc3 22. bxc3 Rf7 23. f3 Rxf5 24. Rxe6+ Kf7 25. Rh6 Rxf3 26. Rd7+ Kg8 27. Rxb7 Rxc3 28. Rbxh7 Rf8 29. Rh8+ Kg7 30. R8h7+ Kg8 31. Rh8+ Kg7 32. R6h7+ Kg6 33. Rxf8 Kxh7 34. Rf7+ Kg6 35. Rxa7 Kf6 36. Ra6 Ke5 37. Rxc6 Kd5 38. Rh6 Ra3 39. Rh5+ Kc4 40. Rh4+ Kb5 41. Kb2 Rf3 42. Rh5 Kb4 43. a3+ Kc4 44. a4 Kb4 $18 45. a5 c4 46. c3+ Ka4 47. a6 Rf2+ 48. Kc1 Rf6 49. a7 Ra6 50. Rh7 Kb3 51. h4 Kxc3 52. Kb1 Rb6+ 53. Kc1 Ra6 54. Kd1 Ra1+ 55. Ke2 Kc2 56. h5 Ra6 57. h6 Re6+ 58. Kf3 Re8 59. Rb7 Ra8 60. h7 c3 61. Rb8 1-0

[Event "Fagernes Open 2021"]
[Site "Fagernes"]
[Date "2021.10.12"]
[Round "3.7"]
[White "Andersen, Guttorm"]
[Black "Pedersen, Max Moe"]
[Result "1/2-1/2"]
[ECO "D31"]
[WhiteElo "1731"]
[BlackElo "1837"]
[Annotator "NA"]
[PlyCount "86"]
[EventDate "2021.10.10"]
[EventCountry "NOR"]
[SourceTitle "playchess.com"]
[Source "ChessBase"]
[SourceQuality "1"]
[TimeControl "40/5400+30:1800+30"]

1. d4 d5 2. c4 c6 3. Nc3 Nf6 4. e3 e6 5. Bd3 dxc4 6. Bxc4 b5 7. Bd3 Nbd7 8. a3 Bd6 9. Nf3 (9. Qf3 $5 Qb6 {[#]} 10. Nxb5 $1 $14) 9... O-O 10. e4 e5 11. O-O a6 12. Bg5 exd4 13. Nxd4 Qc7 14. h3 g6 15. Rc1 c5 16. Nd5 Nxd5 17. exd5 Bb7 18. Be4 Bf4 ({Black should try} 18... Rfe8 $17 19. Re1 c4) 19. Bxf4 Qxf4 20. Qf3 Qxf3 21. Nxf3 Rfe8 ({But not} 21... f5 22. Bb1 $17) 22. Nd2 c4 23. b3 Nf6 24. Bf3 cxb3 25. Rc5 Rac8 26. Nxb3 Rxc5 27. Nxc5 Bxd5 28. Bxd5 Nxd5 29. Nxa6 Ra8 30. Rd1 Nc3 $11 31. Rd3 Ne2+ 32. Kf1 Nf4 33. Nc7 Nxd3 34. Nxa8 b4 35. axb4 Nxb4 36. Nb6 f5 37. Ke2 Kf7 38. Ke3 Ke6 39. f4 Nc2+ 40. Kf2 Nb4 41. Ke3 Nc2+ 42. Kf2 Nb4 43. Ke3 Nc2+ 1/2-1/2

[Event "Fagernes Open 2021"]
[Site "Fagernes"]
[Date "2021.10.12"]
[Round "3.8"]
[White "Myagmarsuren, Evsuld"]
[Black "Lye, Sigurd"]
[Result "1-0"]
[ECO "B33"]
[WhiteElo "1650"]
[BlackElo "1821"]
[Annotator "NA"]
[PlyCount "83"]
[EventDate "2021.10.10"]
[EventCountry "NOR"]
[SourceTitle "playchess.com"]
[Source "ChessBase"]
[SourceQuality "1"]
[TimeControl "40/5400+30:1800+30"]

1. e4 c5 2. Nf3 Nc6 3. d4 cxd4 4. Nxd4 Nf6 5. Nc3 e5 6. Ndb5 d6 7. Nd5 Nxd5 8. exd5 Nb8 9. c4 Be7 10. Bd3 O-O 11. O-O a6 12. Nc3 f5 13. Bd2 Nd7 14. Qe2 e4 15. Bc2 Ne5 16. c5 Bf6 17. cxd6 Qxd6 18. Bf4 Bd7 19. Rae1 b5 20. Nxe4 fxe4 21. Qxe4 {[%emt 0:00:13] Double Attack} Rfe8 22. Qxh7+ Kf8 $18 23. Bg6 Qxd5 24. Be4 Qd4 25. Rd1 Qa7 26. Bxa8 Bg4 27. Bd5 Bxd1 28. Bxe5 Ke7 29. Bxf6+ Kxf6 30. Qh4+ g5 31. Qh6+ Kf5 32. Rxd1 Qe7 33. g4+ Kxg4 34. f3+ Kf4 35. Rd4+ Kf5 36. Be4+ Ke5 37. Rd5+ Kf4 38. Rf5+ Ke3 39. Qb6+ Kd2 40. Qd4+ Ke2 41. Qf2+ Kd1 42. Rd5+ 1-0

[Event "Fagernes Open 2021"]
[Site "Fagernes"]
[Date "2021.10.12"]
[Round "3.9"]
[White "Amundsen, Ask"]
[Black "Rynning, Rune Kleiven"]
[Result "1-0"]
[ECO "B90"]
[WhiteElo "1816"]
[BlackElo "1721"]
[Annotator "NA"]
[PlyCount "59"]
[EventDate "2021.10.10"]
[EventCountry "NOR"]
[SourceTitle "playchess.com"]
[Source "ChessBase"]
[SourceQuality "1"]
[TimeControl "40/5400+30:1800+30"]

1. e4 c5 2. Nf3 d6 3. d4 cxd4 4. Nxd4 Nf6 5. Nc3 a6 6. Be3 e5 7. Nb3 Be6 8. f3 h5 9. Qd2 Nbd7 10. O-O-O Be7 11. Be2 Rc8 12. h4 Nb6 13. Bxb6 Qxb6 14. Rdg1 O-O 15. g4 hxg4 16. fxg4 Rxc3 17. Qxc3 Nxe4 18. Qe1 Qe3+ 19. Kb1 Nf2 20. Rh2 Nxg4 21. Rhg2 f5 22. Nc1 (22. Qb4 $15) 22... Bd5 23. Rxg4 (23. Bc4 $15 Qc5 24. Bxd5+ Qxd5 25. h5) 23... fxg4 $17 24. Bc4 Qd4 25. Bxd5+ Qxd5 26. Rxg4 Qf3 27. Qg1 Rf7 28. h5 Qf1 29. Rxg7+ Kh8 30. Rg8+ 1-0

[Event "Fagernes Open 2021"]
[Site "Fagernes"]
[Date "2021.10.12"]
[Round "3.10"]
[White "Hellesoy, David"]
[Black "Sekkingstad, Thomas"]
[Result "1-0"]
[ECO "B19"]
[WhiteElo "1500"]
[BlackElo "1812"]
[Annotator "NA"]
[PlyCount "141"]
[EventDate "2021.10.10"]
[EventCountry "NOR"]
[SourceTitle "playchess.com"]
[Source "ChessBase"]
[SourceQuality "1"]
[TimeControl "40/5400+30:1800+30"]

1. e4 c6 2. d4 d5 3. Nc3 dxe4 4. Nxe4 Bf5 5. Ng3 Bg6 6. h4 h6 7. Nf3 Nd7 8. h5 Bh7 9. Bd3 Bxd3 10. Qxd3 Ngf6 11. Bd2 e6 12. O-O-O Qc7 13. Kb1 O-O-O 14. Ne4 Nxe4 15. Qxe4 Be7 16. c4 Rhe8 17. Bc3 Bf6 18. Ne5 Nxe5 19. dxe5 Be7 20. Qe2 Rxd1+ 21. Rxd1 Rd8 22. f4 Rxd1+ 23. Qxd1 Qd7 24. Qxd7+ Kxd7 25. Kc2 b5 26. b3 Bc5 27. Kd3 Kc7 28. g4 g6 $1 29. Ke4 bxc4 30. bxc4 gxh5 31. gxh5 Kb6 32. f5 a6 33. fxe6 $2 (33. Bd2 $18 Bf8 34. f6) 33... fxe6 34. Bd2 Bf8 35. Kd4 a5 36. a4 Bc5+ 37. Kd3 Bf8 38. Be3+ c5 39. Ke4 Bg7 40. Bf2 Kc6 41. Bh4 Kb6 42. Bf6 Bf8 43. Bd8+ Ka6 44. Kf4 Bg7 $18 45. Be7 Kb6 46. Ke4 Kc6 47. Bd8 Bf8 48. Bxa5 Be7 49. Bd2 Bf8 50. a5 Kb7 51. Kd3 Bg7 52. Bc3 Bf8 53. Kc2 Ka7 54. Kb3 Kb7 55. Bd2 Bg7 56. Bf4 Bf8 57. Ka4 Ka6 58. Be3 Bg7 59. Bxc5 Bxe5 60. Be3 Bg7 61. Bd2 Bf8 62. Kb3 e5 63. Kc2 e4 64. Kd1 e3 65. Bxe3 Kxa5 66. Ke2 Kb4 67. Kd3 Bg7 68. c5 Kb5 69. Ke4 Bf8 70. Kf5 Bxc5 71. Bxc5 1-0

[Event "Fagernes Open 2021"]
[Site "Fagernes"]
[Date "2021.10.12"]
[Round "3.11"]
[White "Eriksen, Olai Dyrhaug"]
[Black "Johannessen, Theo N"]
[Result "1-0"]
[ECO "B27"]
[WhiteElo "1809"]
[BlackElo "1668"]
[Annotator "NA"]
[PlyCount "131"]
[EventDate "2021.10.10"]
[EventCountry "NOR"]
[SourceTitle "playchess.com"]
[Source "ChessBase"]
[SourceQuality "1"]
[TimeControl "40/5400+30:1800+30"]

1. e4 c5 2. Nf3 g6 3. d4 cxd4 4. Qxd4 Nf6 5. Qa4 Nc6 6. e5 Ng8 7. Nc3 Bg7 8. Bf4 f6 9. exf6 Nxf6 10. Bb5 O-O 11. O-O-O Kh8 12. h4 d6 13. Bg5 Bf5 14. Bxf6 $14 ({Of course not} 14. Bxc6 bxc6 15. Rhe1 Bd7 $15) 14... Bxf6 15. Nd5 a6 16. Bd3 Qa5 17. Qxa5 Nxa5 18. Nxf6 Rxf6 19. Rhe1 Bxd3 20. Rxd3 Nc6 21. a4 Kg7 22. Re4 e5 23. Rb3 Rb8 24. Rc4 d5 25. Rc5 Rd6 26. a5 e4 27. Ng5 h6 28. Nh3 Nd8 29. Nf4 d4 30. Re5 Nc6 31. Rxe4 Nxa5 32. Rd3 Nc6 33. c3 g5 34. hxg5 hxg5 35. Ne6+ Kf6 36. Nxd4 Nxd4 37. Rexd4 Rxd4 38. Rxd4 Ke6 39. Re4+ Kf5 40. f3 b5 41. g4+ Kf6 42. Kd2 Rh8 43. b4 Rh1 44. Re8 Ra1 45. Rf8+ Kg6 46. Rf5 Rf1 47. Ke2 Ra1 48. Rc5 Kf6 49. Rc6+ Ke5 50. Rg6 Kf4 51. Rf6+ Kg3 52. Rf5 Kh4 53. Ke3 Re1+ 54. Kd4 Re6 55. Kc5 Rg6 56. f4 gxf4 57. Rxf4 Re6 58. Rd4 Re3 59. c4 Rc3 60. Kd5 bxc4 61. Rxc4 Ra3 62. Kc5 a5 63. b5 Ra1 64. b6 a4 65. b7 Rb1 66. Rb4 1-0

[Event "Fagernes Open 2021"]
[Site "Fagernes"]
[Date "2021.10.12"]
[Round "3.12"]
[White "Ostensen, Nicolai Maxime"]
[Black "Skigelstrand, Live Jorgensen"]
[Result "1-0"]
[ECO "A23"]
[WhiteElo "1768"]
[BlackElo "1649"]
[Annotator "NA"]
[PlyCount "57"]
[EventDate "2021.10.10"]
[EventCountry "NOR"]
[SourceTitle "playchess.com"]
[Source "ChessBase"]
[SourceQuality "1"]
[TimeControl "40/5400+30:1800+30"]

1. c4 e5 2. Nc3 Nf6 3. g3 c6 4. Bg2 d5 5. cxd5 cxd5 6. d3 Bb4 7. Bd2 Nc6 8. Nf3 O-O 9. O-O Re8 10. a3 Bxc3 11. Bxc3 d4 12. Bd2 Qb6 13. Rb1 Nd5 14. b4 a6 15. Ng5 Nc7 16. Ne4 Be6 17. Qc1 Rad8 18. Qc5 Qxc5 19. Nxc5 Bc8 20. Rfc1 Rd6 21. a4 Ne6 22. Nxa6 f5 23. Nc5 Nxc5 24. Rxc5 e4 25. b5 Nb8 26. Bf4 Rde6 27. Bxb8 exd3 28. exd3 f4 29. Bd5 1-0

[Event "Fagernes Open 2021"]
[Site "Fagernes"]
[Date "2021.10.12"]
[Round "3.13"]
[White "Johannessen, Heine N"]
[Black "Carlin, Tormod"]
[Result "1-0"]
[ECO "D44"]
[WhiteElo "1930"]
[BlackElo "1554"]
[Annotator "NA"]
[PlyCount "107"]
[EventDate "2021.10.10"]
[EventCountry "NOR"]
[SourceTitle "playchess.com"]
[Source "ChessBase"]
[SourceQuality "1"]
[TimeControl "40/5400+30:1800+30"]

1. d4 d5 2. Nf3 Nf6 3. c4 c6 4. Nc3 e6 5. Bg5 dxc4 6. e4 b5 7. e5 h6 8. Bh4 g5 9. exf6 gxh4 10. Ne5 Qxf6 11. g3 Bb7 12. Bg2 hxg3 13. hxg3 Bb4 14. a4 a6 15. axb5 axb5 16. Rxa8 Bxa8 17. Qa1 Bxc3+ 18. bxc3 Qf5 19. O-O O-O 20. Qxa8 Nd7 21. Qxc6 Nxe5 22. dxe5 Qxe5 23. Rd1 Qxc3 24. Qxb5 Qb3 25. Qxb3 cxb3 26. Rb1 Rb8 27. Rb2 Kg7 28. Bf3 Kg6 29. Bd1 e5 30. Rxb3 Rc8 31. Be2 f5 32. Rb5 Re8 33. Kg2 Kg5 34. Bd3 f4 35. Kf3 fxg3 36. Kxg3 h5 37. f4+ Kf6 38. Rb6+ Kg7 39. f5 e4 40. Be2 e3 41. Kf4 h4 42. Rg6+ Kf8 43. Rh6 Kg7 44. Rxh4 Rf8 45. Rh3 Kg8 46. Rxe3 Kg7 47. Kg5 Rb8 48. f6+ Kf7 49. Bh5+ Kf8 50. Kg6 Rb6 51. Kg5 Rxf6 52. Kxf6 Kg8 53. Bf7+ Kh8 54. Rh3# 1-0

[Event "Fagernes Open 2021"]
[Site "Fagernes"]
[Date "2021.10.12"]
[Round "3.14"]
[White "Langvik, Ulrikke"]
[Black "Fredriksen, Jan Gunnar"]
[Result "0-1"]
[ECO "A40"]
[WhiteElo "1542"]
[BlackElo "1835"]
[Annotator "NA"]
[PlyCount "56"]
[EventDate "2021.10.10"]
[EventCountry "NOR"]
[SourceTitle "playchess.com"]
[Source "ChessBase"]
[SourceQuality "1"]
[TimeControl "40/5400+30:1800+30"]

1. d4 e5 2. dxe5 Nc6 3. Nf3 Qe7 4. g3 Nxe5 5. Nxe5 Qxe5 6. Bg2 c6 7. O-O h5 8. Nc3 h4 9. Bf4 Qe6 10. Ne4 d5 11. Ng5 Qg6 12. Re1 hxg3 13. fxg3 Be7 (13... Bc5+ $17 14. Kf1 Rxh2) 14. e4 d4 15. Nf3 Bc5 16. Qd3 Be6 17. a3 Nf6 18. b4 Bb6 19. a4 a6 20. Bd6 $17 (20. Ng5 $11 {keeps the balance.}) 20... Nd7 21. e5 Bf5 22. Qd2 d3+ 23. Kh1 dxc2 24. Rac1 O-O-O 25. b5 Nxe5 26. Nxe5 Rxh2+ 27. Kxh2 Qh5+ 28. Bh3 Qxh3# 0-1

[Event "Fagernes Open 2021"]
[Site "Fagernes"]
[Date "2021.10.12"]
[Round "3.16"]
[White "Haugen, Lars Tormod"]
[Black "Schouten, Ken Ronny"]
[Result "1-0"]
[ECO "A27"]
[WhiteElo "1756"]
[BlackElo "1318"]
[Annotator "NA"]
[PlyCount "55"]
[EventDate "2021.10.10"]
[EventCountry "NOR"]
[SourceTitle "playchess.com"]
[Source "ChessBase"]
[SourceQuality "1"]
[TimeControl "40/5400+30:1800+30"]

1. c4 e5 2. Nc3 Nc6 3. Nf3 Bb4 4. Nd5 Bc5 5. d3 d6 6. a3 a5 7. Bd2 Nge7 8. b4 axb4 9. axb4 Rxa1 10. Qxa1 Bd4 11. Nxd4 Nxd4 12. Ne3 O-O 13. Qa2 Be6 14. Bc3 Nef5 15. Nxf5 Nxf5 16. g3 b5 17. Bg2 bxc4 18. dxc4 Qc8 19. O-O Ne7 20. Rc1 f5 21. e3 c5 22. b5 Qd7 23. Qe2 Nc8 24. Ba5 Qa7 25. Qd2 Qf7 26. b6 Bxc4 27. Rxc4 Qxc4 28. Bd5+ 1-0

[Event "Fagernes Open 2021"]
[Site "Fagernes"]
[Date "2021.10.12"]
[Round "3.17"]
[White "Orban, Tiberiu"]
[Black "Skotheim, Havard"]
[Result "1-0"]
[ECO "E18"]
[WhiteElo "1731"]
[BlackElo "1326"]
[Annotator "NA"]
[PlyCount "117"]
[EventDate "2021.10.10"]
[EventCountry "NOR"]
[SourceTitle "playchess.com"]
[Source "ChessBase"]
[SourceQuality "1"]
[TimeControl "40/5400+30:1800+30"]

1. d4 Nf6 2. Nf3 e6 3. g3 b6 4. Bg2 Bb7 5. O-O Be7 6. c4 c5 7. dxc5 bxc5 8. Nc3 O-O 9. b3 d5 10. Ne5 Nc6 11. Nxc6 Bxc6 12. Bb2 Rc8 13. cxd5 exd5 14. Qc2 Qc7 15. Rfd1 d4 16. Ne4 Nxe4 17. Bxe4 Bxe4 18. Qxe4 Rfe8 19. Qg4 Qb6 20. e3 Qg6 21. Qxg6 hxg6 22. exd4 Bf6 23. Rab1 Re2 24. Ba1 cxd4 25. Bxd4 Bxd4 26. Rxd4 Rxa2 27. Ra4 Rxa4 28. bxa4 a5 29. Rb5 Ra8 30. Kf1 Kf8 31. h4 Ke7 32. Ke2 Kd6 33. Kd3 Kc6 34. Kc4 f5 35. h5 gxh5 36. Rxf5 Kb6 37. Rxh5 Rc8+ 38. Kb3 Rc1 39. Rg5 Rf1 40. f4 Rf3+ 41. Kc4 Ra3 42. Rg6+ Kc7 43. Rxg7+ Kd6 44. Rg6+ Ke7 45. Kb5 Kf7 46. Rg5 Rb3+ 47. Kxa5 Kf6 48. Ka6 Ra3 49. a5 Ke6 50. g4 Kf6 51. Rb5 Ra4 52. g5+ Kg6 53. Rb6+ Kg7 54. f5 Rg4 55. Rb7+ Kg8 56. g6 Rg5 57. Rf7 Rg1 58. Ka7 Ra1 59. a6 1-0

[Event "Fagernes Open 2021"]
[Site "Fagernes"]
[Date "2021.10.12"]
[Round "4.1"]
[White "Dahl, Torbjorn"]
[Black "Fiskaaen, Martin Holten"]
[Result "1/2-1/2"]
[ECO "A08"]
[WhiteElo "1876"]
[BlackElo "1829"]
[Annotator "NA"]
[PlyCount "69"]
[EventDate "2021.10.10"]
[EventCountry "NOR"]
[SourceTitle "playchess.com"]
[Source "ChessBase"]
[SourceQuality "1"]
[TimeControl "40/5400+30:1800+30"]

1. e4 c5 2. d3 Nc6 3. Nf3 g6 4. g3 Bg7 5. Bg2 e6 6. O-O d5 7. Nbd2 Nge7 8. Re1 O-O 9. c3 e5 10. Qe2 d4 11. c4 a6 12. Nf1 b5 13. b3 Qd6 14. h4 f5 15. exf5 gxf5 16. N1h2 Bb7 17. Bg5 Rae8 18. h5 h6 19. Bd2 Kh8 20. Nh4 Kh7 21. Rac1 Bf6 22. cxb5 axb5 23. N2f3 Ra8 24. Rc2 e4 25. Nxf5 Nxf5 26. Qxe4 Bg7 27. Nh4 Qd7 28. Bh3 Ne5 29. Bxf5+ Rxf5 30. Qxf5+ Qxf5 31. Nxf5 Nf3+ 32. Kf1 Nh2+ 33. Kg1 Nf3+ 34. Kf1 Nh2+ 35. Kg1 1/2-1/2

[Event "Fagernes Open 2021"]
[Site "Fagernes"]
[Date "2021.10.12"]
[Round "4.2"]
[White "Eriksen, Olai Dyrhaug"]
[Black "Krivenko, Dion"]
[Result "0-1"]
[ECO "A26"]
[WhiteElo "1809"]
[BlackElo "2045"]
[Annotator "ChessBase"]
[PlyCount "72"]
[EventDate "2021.10.10"]
[EventCountry "NOR"]
[SourceTitle "playchess.com"]
[Source "ChessBase"]
[SourceQuality "1"]
[TimeControl "40/5400+30:1800+30"]

1. c4 Nf6 2. Nc3 g6 3. e4 d6 4. g3 Bg7 5. Bg2 O-O 6. Nge2 e5 7. O-O Nc6 8. d3 Nd4 9. Nxd4 exd4 10. Nd5 c6 11. Nf4 a6 12. b3 Rb8 13. Bb2 c5 14. Nd5 b5 15. Qc2 bxc4 16. bxc4 Nxd5 17. exd5 Bf5 18. Bc1 Qa5 19. Bf4 Rfd8 20. Rfb1 Qc3 21. Qxc3 dxc3 22. Rxb8 Rxb8 23. Be4 Bxe4 24. dxe4 Rb6 25. Rc1 Bd4 26. Kf1 Rb2 27. Be3 Kg7 28. Bxd4+ cxd4 29. e5 dxe5 30. a4 Kf6 31. c5 Ke7 32. Kg2 e4 33. Kf1 f5 34. h4 Rb4 35. d6+ Kd7 36. Ke1 Kc6 0-1

[Event "Fagernes Open 2021"]
[Site "Fagernes"]
[Date "2021.10.12"]
[Round "4.3"]
[White "Ostensen, Nicolai Maxime"]
[Black "Kittilsen, Sigurd"]
[Result "0-1"]
[ECO "A36"]
[WhiteElo "1768"]
[BlackElo "1881"]
[Annotator "NA"]
[PlyCount "90"]
[EventDate "2021.10.10"]
[EventCountry "NOR"]
[SourceTitle "playchess.com"]
[Source "ChessBase"]
[SourceQuality "1"]
[TimeControl "40/5400+30:1800+30"]

1. c4 c5 2. g3 g6 3. Bg2 Bg7 4. e3 Nc6 5. Ne2 e5 6. O-O Nge7 7. Nbc3 O-O 8. a3 d6 9. Rb1 Be6 10. Nd5 Rb8 11. Nec3 a6 12. d3 b5 13. b3 Qd7 14. Re1 Bh3 15. Bh1 Nxd5 16. Nxd5 Ne7 17. Bb2 Nxd5 18. Bxd5 Be6 19. Bg2 d5 20. cxd5 Bxd5 21. e4 Be6 22. b4 Rbc8 23. Bf1 Qd6 24. Bc3 Rfd8 25. bxc5 Qxc5 26. Bb4 Qd4 27. Qe2 Bf8 28. Qb2 Bc5 29. Bxc5 Qxb2 30. Rxb2 Rxc5 31. Kg2 g5 32. Ra1 Bd7 33. f3 Rdc8 34. Kf2 Rc1 35. Rab1 Rxb1 36. Rxb1 Rc2+ 37. Be2 Ra2 38. Rb3 a5 39. Ke3 f6 40. h4 gxh4 41. gxh4 Kf7 42. f4 exf4+ 43. Kf3 h5 44. d4 Bg4+ 45. Kxf4 Bxe2 0-1

[Event "Fagernes Open 2021"]
[Site "Fagernes"]
[Date "2021.10.12"]
[Round "4.4"]
[White "Kreken, Eivind Grunt"]
[Black "Myagmarsuren, Evsuld"]
[Result "1-0"]
[ECO "D48"]
[WhiteElo "1838"]
[BlackElo "1650"]
[Annotator "NA"]
[PlyCount "61"]
[EventDate "2021.10.10"]
[EventCountry "NOR"]
[SourceTitle "playchess.com"]
[Source "ChessBase"]
[SourceQuality "1"]
[TimeControl "40/5400+30:1800+30"]

1. d4 d5 2. c4 c6 3. Nf3 e6 4. e3 Nf6 5. Nc3 Nbd7 6. Bd3 dxc4 7. Bxc4 b5 8. Bd3 Bb7 9. e4 a6 10. e5 Nd5 11. Nxd5 cxd5 12. h4 Bb4+ 13. Kf1 Be7 14. Rh3 b4 15. Rg3 g6 16. h5 a5 17. Kg1 Ba6 18. Bh6 Bxd3 19. Qxd3 Rc8 20. Ng5 Nf8 21. Qf3 Bxg5 22. Bxg5 Qd7 23. a3 h6 24. Bf6 Rg8 25. axb4 axb4 26. Qb3 Qb7 27. Rc3 Rc4 28. Rxc4 dxc4 29. Qa4+ Nd7 30. Qa8+ Qb8 31. Qc6 1-0

[Event "Fagernes Open 2021"]
[Site "Fagernes"]
[Date "2021.10.12"]
[Round "4.5"]
[White "Hellesoy, David"]
[Black "Amundsen, Ask"]
[Result "0-1"]
[ECO "B40"]
[WhiteElo "1500"]
[BlackElo "1816"]
[Annotator "NA"]
[PlyCount "68"]
[EventDate "2021.10.10"]
[EventCountry "NOR"]
[SourceTitle "playchess.com"]
[Source "ChessBase"]
[SourceQuality "1"]
[TimeControl "40/5400+30:1800+30"]

1. e4 c5 2. Nf3 e6 3. c4 Nc6 4. Nc3 a6 5. a4 g6 6. d4 cxd4 7. Nxd4 Bg7 8. Nc2 Nge7 9. Be2 O-O 10. O-O d6 11. Be3 e5 12. Qd2 f5 13. Bh6 Bxh6 14. Qxh6 fxe4 15. Nxe4 Nf5 16. Qd2 Nfd4 17. Nxd4 Nxd4 18. Bd1 Be6 19. b3 d5 20. Nc5 dxc4 21. Qe3 Bf7 22. bxc4 Bxc4 23. Re1 Qc7 24. Nb3 Rad8 25. Nxd4 exd4 26. Qc1 b5 27. axb5 axb5 28. Bb3 Qf7 29. Bxc4 bxc4 30. Re2 c3 31. Qe1 d3 32. Rea2 d2 33. Qe2 d1=Q+ 34. Rxd1 Qxf2+ 0-1

[Event "Fagernes Open 2021"]
[Site "Fagernes"]
[Date "2021.10.12"]
[Round "4.6"]
[White "Dulman, Egmond-Gabriel"]
[Black "Orban, Tiberiu"]
[Result "1-0"]
[ECO "D36"]
[WhiteElo "2065"]
[BlackElo "1731"]
[Annotator "NA"]
[PlyCount "55"]
[EventDate "2021.10.10"]
[EventCountry "NOR"]
[SourceTitle "playchess.com"]
[Source "ChessBase"]
[SourceQuality "1"]
[TimeControl "40/5400+30:1800+30"]

1. d4 Nf6 2. c4 e6 3. Nc3 d5 4. Bg5 Be7 5. e3 c6 6. cxd5 exd5 7. Bd3 Nbd7 8. Qc2 Nf8 9. Rb1 Ng4 10. Bf4 Ng6 11. Bg3 Nh4 12. Kf1 Bd6 13. Nf3 Ng6 14. Bxd6 Qxd6 15. h3 Nh6 16. g3 Qf6 17. Kg2 Nf5 18. b4 Nfe7 19. b5 Bf5 20. bxc6 bxc6 21. e4 dxe4 22. Nxe4 Bxe4 23. Bxe4 O-O 24. Rb7 Nd5 25. h4 h5 26. Ng5 Nge7 27. Bxd5 Nxd5 28. Qh7# 1-0

[Event "Fagernes Open 2021"]
[Site "Fagernes"]
[Date "2021.10.12"]
[Round "4.9"]
[White "Pedersen, Max Moe"]
[Black "Strand, Amund Pihl"]
[Result "1/2-1/2"]
[ECO "A72"]
[WhiteElo "1837"]
[BlackElo "1712"]
[Annotator "NA"]
[PlyCount "96"]
[EventDate "2021.10.10"]
[EventCountry "NOR"]
[SourceTitle "playchess.com"]
[Source "ChessBase"]
[SourceQuality "1"]
[TimeControl "40/5400+30:1800+30"]

1. d4 Nf6 2. c4 c5 3. d5 e6 4. Nc3 exd5 5. cxd5 d6 6. Nf3 g6 7. Nd2 Bg7 8. e4 O-O 9. Be2 Qe7 10. O-O b6 11. a4 Na6 12. f3 Nc7 13. Nc4 Nfe8 14. Bf4 Ba6 15. Qd2 Bxc4 16. Bxc4 a6 17. Rfe1 Qd7 18. Qd3 Nf6 19. g4 Rfd8 20. Rad1 Nfe8 21. Re2 Rdb8 22. e5 dxe5 23. Bxe5 Bxe5 24. Rxe5 Nd6 25. Ne4 Nxe4 26. Rxe4 b5 27. Ba2 c4 28. Qe2 Re8 29. d6 Ne6 30. Qe3 Qa7 31. b3 c3 32. Qxa7 Rxa7 33. Rc1 Rd7 34. axb5 axb5 35. b4 Rxd6 36. Re3 (36. Rxc3 $11 Rd1+ 37. Kf2) 36... Rd4 37. Bxe6 Rxe6 38. Rxe6 fxe6 39. Rxc3 Rxb4 40. Rc7 Rb2 $11 ({Better is} 40... Rb1+ $17 41. Kg2 g5) 41. Re7 b4 42. Rxe6 Kf7 43. Rb6 h6 44. Rc6 b3 45. Rb6 Rb1+ 46. Kg2 b2 47. Kh3 Rf1 48. Rxb2 Rxf3+ 1/2-1/2

[Event "Fagernes Open 2021"]
[Site "Fagernes"]
[Date "2021.10.12"]
[Round "4.10"]
[White "Fredriksen, Jan Gunnar"]
[Black "Grindbakken, Erik"]
[Result "1/2-1/2"]
[ECO "C00"]
[WhiteElo "1835"]
[BlackElo "1632"]
[Annotator "NA RC"]
[PlyCount "64"]
[EventDate "2021.10.10"]
[EventCountry "NOR"]
[SourceTitle "playchess.com"]
[Source "ChessBase"]
[SourceQuality "1"]
[TimeControl "40/5400+30:1800+30"]

1. e4 e6 2. c4 d5 3. exd5 exd5 4. cxd5 Nf6 5. Bb5+ Bd7 6. Bc4 Bg4 7. Qb3 Qe7+ 8. Qe3 Nbd7 9. Nc3 Nb6 10. Bb5+ Bd7 11. d6 Qxe3+ 12. dxe3 Bxd6 13. Bxd7+ Kxd7 14. Nge2 a6 15. O-O Rae8 16. b3 h5 17. Bb2 h4 18. Rfd1 Kc8 19. Rac1 Kb8 20. h3 Rh6 21. Nd4 Rh5 22. Nf3 Nbd7 23. Rd4 Ne5 24. Nxe5 Bxe5 25. Rd3 Rhh8 26. Na4 Bxb2 27. Nxb2 Rd8 28. Rcd1 Kc8 29. Kf1 Rxd3 30. Rxd3 Rd8 31. Ke2 Ne4 32. Nd1 Rd7 1/2-1/2